 Dungeon Crawl Stone Soup version 0.20.0-10-g0535bb4 (webtiles) character file.

198 louis the Gusty (level 5, -2/25 HPs)
             Began as a Vine Stalker Air Elementalist on June 4, 2017.
             Slain by a worker ant (4 damage)
             ... on level 4 of the Dungeon.
             The game lasted 00:14:43 (3915 turns).

louis the Gusty (Vine Stalker Air Elementalist)     Turns: 3915, Time: 00:14:43

Health: -2/25      AC:  3    Str: 11    XL:     5   Next: 77%
Magic:  0/11       EV: 12    Int: 16    God:
Gold:   318        SH:  0    Dex: 14    Spells: 5/11 levels left

rFire    . . .     SeeInvis .   (no weapon)
rCold    . . .     Gourm    .   (no shield)
rNeg     . . .     Faith    .   a - +1 robe
rPois    .         Spirit   +   (no helmet)
rElec    .         Reflect  .   (no cloak)
rCorr    .         Harm     .   (no gloves)
MR       .....                  (no boots)
Stlth    ++........             (no amulet)
Regen    0.5/turn               (no ring)
MPRegen  0.2/turn               (no ring)

@: lethally poisoned (-2 -> -3)
A: fangs 2, regeneration 1, magic shield, antimagic bite, no potion heal 3, rot
immunity
a: no special abilities


You were on level 4 of the Dungeon.
You were not hungry.

You visited 1 branch of the dungeon, and saw 4 of its levels.

You collected 318 gold pieces.

Inventory:

Armour
 a - a +1 robe (worn)
Jewellery
 p - an uncursed ring of protection from fire {unknown}
Scrolls
 d - a scroll of recharging
 e - 3 scrolls of identify
 h - a scroll of fog
 i - a scroll of random uselessness {unknown}
 j - a scroll of enchant weapon {unknown}
 k - a scroll of teleportation {unknown}
Potions
 f - 2 potions of haste
 l - 2 potions of heal wounds {unknown}
 m - a potion of degeneration {unknown}
 n - 2 potions of might {unknown}
Books
 b - a book of Air

   Spells                             Type                      Level
   a - Shock                          Conjuration/Air              1
   b - Swiftness                      Charms/Air                   2
   c - Static Discharge               Conjuration/Air              3
   d - Airstrike                      Air                          4
   e - Lightning Bolt                 Conjuration/Air              5
Comestibles
 c - 3 bread rations
 g - 2 royal jellies
 o - a meat ration


   Skills:
 + Level 0.3 Fighting
 * Level 2.1 Dodging
 + Level 2.8 Stealth
 + Level 0.4 Unarmed Combat
 * Level 3.6 Spellcasting
 + Level 1.9 Conjurations
 + Level 0.2 Charms
 * Level 4.4 Air Magic


You had 5 spell levels left.
You knew the following spells:

 Your Spells              Type           Power        Failure   Level  Hunger
a - Shock                 Conj/Air       ##..         4%          1    None
b - Swiftness             Chrm/Air       ##......     10%         2    ##.....
c - Static Discharge      Conj/Air       ##......     14%         3    ###....


Dungeon Overview and Level Annotations

Branches:
Dungeon (4/15)
 Temple: D:4-7

Altars:

Annotations:
D:2 Crazy Yiuf


Innate Abilities, Weirdness & Mutations

You have extremely sharp teeth.
Your natural rate of healing is unusually fast.
When hurt, damage is shared between your health and your magic reserves.
Your bite disrupts and absorbs the magic of your enemies.
Potions cannot restore your health.
You are immune to rotting.


Message History

* * * LOW HITPOINT WARNING * * *
The lightning grounds out.
You feel sick. The worker ant misses you.
Casting: Static Discharge
Confirm with . or Enter, or press ? or * to list all spells.
You don't have enough magic to cast that spell.
Casting: Static Discharge
Confirm with . or Enter, or press ? or * to list all spells.
You don't have enough magic to cast that spell.
Unknown command.
The worker ant bites you.
* * * LOW HITPOINT WARNING * * *
You hit the worker ant but do no damage.
The worker ant is heavily wounded.
You feel sick. The worker ant barely misses you.
The worker ant closely misses you.
You hit the worker ant.
You bite the worker ant, but do no damage.
The worker ant is severely wounded.
The worker ant bites you.
You die...

#.# #.#
###.####.#
.........#
....###..#
# #..# ###
#).#
.....##a.##
#...@..#
#......#
#.......#
#.......#
#........#
#...###..#
.... ..#
..... ..#


You could see a worker ant.

Vanquished Creatures
  Jessica (D:2)
  Natasha (D:2)
  7 adders
  An ooze (D:3)
  2 worms
  5 leopard geckos
  2 orcs (D:3)
  7 bats
  2 giant cockroaches
  5 goblins
  6 hobgoblins
  12 jackals
  2 quokkas
  2 ball pythons (D:1)
  4 frilled lizards
  2 kobolds
  10 rats
71 creatures vanquished.

Notes
Turn   | Place    | Note
-------+----------+-------------------------------------------
     0 | D:1      | louis the Vine Stalker Air Elementalist began the quest for the Orb.
     0 | D:1      | Reached XP level 1. HP: 9/9 MP: 4/4
   233 | D:1      | Reached XP level 2. HP: 13/13 MP: 1/6
   286 | D:1      | Learned a level 2 spell: Swiftness
  1015 | D:2      | Reached XP level 3. HP: 16/16 MP: 4/7
  1200 | D:2      | Noticed Jessica
  1204 | D:2      | Killed Jessica
  1204 | D:2      | Reached skill level 4 in Air Magic
  1204 | D:2      | Gained mutation: Your natural rate of healing is unusually fast. [Vine Stalker growth]
  1204 | D:2      | Reached XP level 4. HP: 21/21 MP: 3/9
  1677 | D:2      | Learned a level 3 spell: Static Discharge
  2230 | D:2      | Found a runed door.
  2261 | D:2      | Noticed Natasha
  2263 | D:2      | Killed Natasha
  2263 | D:2      | Reached XP level 5. HP: 25/25 MP: 7/10
  2318 | D:2      | Noticed Crazy Yiuf
  3697 | D:4      | Noticed a phantom
  3915 | D:4      | Slain by a worker ant

Skill      XL: |  1  2  3  4 |
---------------+-------------+-----
Air Magic      | 4 |  4.4
Dodging        | 2 |  2.1
Spellcasting   | 3 |  3.6
Fighting       | |  0.3
Stealth        | |  2.8
Unarmed Combat | |  0.4
Conjurations   | |  1.9
Charms         | |  0.2

Action                   |  1- 3 |  4- 6 || total
-------------------------+-------+-------++-------
Melee: Unarmed           |    10 |    55 ||    65
       Bite              |     1 |    11 ||    12
 Cast: Shock             |    61 |   130 ||   191
       Static Discharge  |       |     8 ||     8
       Swiftness         |       |     1 ||     1
  Use: Scroll            |     4 |     4 ||     8
       Potion            |     1 |       ||     1
 Stab: Sleeping          |     1 |     1 ||     2
  Eat: Chunk             |     2 |     6 ||     8
       Meat ration       |       |     1 ||     1
       Royal jelly       |       |     1 ||     1
Armor: Robe              |     8 |    22 ||    30
Dodge: Dodged            |     8 |    89 ||    97
